 Dungeon Crawl Stone Soup version 0.28.0-43-g3370ac3207 (webtiles) character file.

Game seed: 797576781263209112

552 Faeu the Covered (level 7, 0/62 HPs)
             Began as a Minotaur Fighter on Mar 21, 2022.
             Was a Follower of Fedhas.
             Succumbed to a hornet's poison
             ... on level 5 of the Dungeon.
             The game lasted 00:16:27 (3449 turns).

Faeu the Covered (Minotaur Fighter)                 Turns: 3449, Time: 00:16:28

Health: 0/62       AC: 11    Str: 23    XL:     7   Next: 8%
Magic:  3/6        EV:  7    Int:  5    God:    Fedhas [*.....]
Gold:   154        SH:  5    Dex:  9    Spells: 6/6 levels left

rFire   . . .      SeeInvis +   B - staff of fire {!astaff}
rCold   + . .      Faith    .   c - +0 buckler
rNeg    . . .      Spirit   .   r - +0 chain mail
rPois   .          Reflect  .   (helmet restricted)
rElec   .          Harm     .   (no cloak)
rCorr   .          Rampage  .   (no gloves)
Will    .....                   k - +0 pair of boots
Stlth   ..........              (no amulet)
HPRegen 0.20/turn               o - ring of see invisible
MPRegen 0.10/turn               z - ring of ice

@: lethally poisoned (0 -> -8), slowed, very slow
A: horns 2, retaliatory headbutt
a: Renounce Religion


You were on level 5 of the Dungeon.
You worshipped Fedhas.
Fedhas was aware of your devotion.
You visited 1 branch of the dungeon, and saw 5 of its levels.

You collected 154 gold pieces.


Innate Abilities, Weirdness & Mutations

You have a pair of horns on your head.
You reflexively headbutt those who attack you in melee.


   Skills:
 + Level 5.7 Fighting
 + Level 5.0 Long Blades
 + Level 5.8 Armour
 + Level 5.7 Shields


You had 6 spell levels left.
You didn't know any spells.
Your spell library was empty.

Inventory:

Hand Weapons
 a - a +0 long sword {long}
 A - a +2 mace of protection {mace}
   (You took it off an orc on level 4 of the Dungeon)
Missiles
 i - 165 stones {throwing}
 w - 6 poisoned darts (quivered) {throwing}
Armour
 c - a +0 buckler (worn)
 k - a +0 pair of boots (worn)
   (You found it on level 1 of the Dungeon)
 r - a +0 chain mail (worn)
   (You found it on level 2 of the Dungeon)
Magical Staves
 B - a staff of fire (weapon) {!astaff}
   (You found it on level 4 of the Dungeon)
Jewellery
 o - a ring of see invisible (left hand)
   (You found it on level 1 of the Dungeon)
 z - a ring of ice (right hand)
   (You found it on level 3 of the Dungeon)
Scrolls
 b - a scroll of fear {unknown}
 e - 2 scrolls of blinking {!r}
 h - 4 scrolls of identify {@r1}
 m - 3 scrolls of vulnerability {!r!r}
 u - a scroll of enchant weapon {unknown}
 x - a scroll of noise {unknown}
 y - a scroll of fog {unknown}
Potions
 d - a potion of might
 f - 3 potions of magic
 g - a potion of degeneration {unknown}
 j - a potion of invisibility {unknown}
 p - a potion of haste {unknown}
 q - a potion of ambrosia {unknown}
 t - a potion of heal wounds {unknown}
 v - a potion of curing {unknown}

Dungeon Overview and Level Annotations

Branches:
Dungeon (5/15)
 Temple: D:4-7

Altars:
Elyvilon
Fedhas
Okawaru
Qazlal
Sif Muna
Vehumet
Wu Jian
Yredelemnul

...........>......
......#..#.######
.......#..#.# #.#.##
#..#.###### #.#.# #†##......#
##########.#.# #.#######.#
..........#.#.####......##.#
.......)..#.#.#.......#.##.#
..........#.#@#.#####.#.##.#
..........#'#P#.....<...##.#
...........(Py############.#
...........†P.P.........##.#
...........(...########.##.#
..........†...........#.##.#
..........#.##.######.#.##.###
######...##.##.# #.#...<...
####..##.##.# #.#######.


You could see a hornet (ally target).


Message History

You hit the necrophage but do no damage.
Your headbutt misses the necrophage.
The necrophage hits you but does no damage.
You slash the necrophage!
You destroy the necrophage!
Fedhas accepts your kill.
You can now encircle yourself with summoned briar patches.
Your Long Blades skill increases to level 5!
You have reached level 7! 😎 HP[+6] MP[+1]
You now have 62 max hp (+6).
Your hp is fully restored (62).
Your mp is fully restored (6).
You see here a necrophage corpse.
You now have 154 gold pieces (gained 12).
You open the door.
There is an open door here.
Found a stone staircase leading down.
Things that are here:
7 arrows; 14 bolts You open the door.
There is an open door here.
A hornet comes into view.
The hornet buzzes angrily.
The hornet barely misses you. You furiously retaliate!
You headbutt the hornet, but do no damage.
The hornet stings you.
You are poisoned.
You feel yourself slow down. 😕 HP[-2]
You take 2 damage, and now have 60/62 hp.
You hit the hornet. Your headbutt misses the hornet.
You feel yourself speed up.
You feel very sick. The hornet stings you!
You feel yourself slow down.
The hornet closely misses you. 😮 HP[-15]
You take 15 damage, and now have 45/62 hp.
MASSIVE DAMAGE!! (PAUSE)
You hit the hornet but do no damage.
You feel yourself speed up.
You feel sick. The hornet stings you!
* * * LOW HITPOINT WARNING * * *
You feel yourself slow down.
The hornet stings you but does no damage. x2 😨 HP[-14]
You take 14 damage, and now have 31/62 hp.
MASSIVE DAMAGE!! (PAUSE) Blink to where?
Press: ? - help, Dir - move target
As you read the scroll of blinking {!r}, it crumbles to dust.
You feel sick.
You feel yourself speed up.
You feel sick. 😨 HP[-2]
You take 2 damage, and now have 29/62 hp.
You feel sick.
You are no longer poisoned. 😨 HP[-1]
You take 1 damage, and now have 28/62 hp. 😨 HP[+1]
Okay, then.
You miss the hornet. The hornet stings you!
* * * LOW HITPOINT WARNING * * *
You are poisoned.
You feel yourself slow down.
You block the hornet's attack. 😨 HP[-10]
You take 10 damage, and now have 19/62 hp.
A briar patch grows up from the ground. x4
You can no longer encircle yourself with summoned briar patches.
You feel yourself speed up.
You feel very sick. The hornet stings you.
* * * LOW HITPOINT WARNING * * *
You feel yourself slow down. The hornet stings you.
* * * LOW HITPOINT WARNING * * *
You are lethally poisoned!
You feel as though you will be slow longer. 😱 HP[-6] MP[-3]
You take 6 damage, and now have 13/62 hp.
You lost 3 mp, and now have 3/6 mp.
You walk carefully through the plants.
* * * LOW HITPOINT WARNING * * *
You feel extremely sick. The hornet closely misses you.
The hornet stings you but does no damage. 😱 HP[-9]
You take 9 damage, and now have 4/62 hp.
* * * LOW HITPOINT WARNING * * *
You feel very sick. The hornet stings your briar patch!
The hornet stings your briar patch but does no damage.
The hornet stings your briar patch. 😱 HP[-3]
You take 3 damage, and now have 1/62 hp.
B - a staff of fire (weapon)
{!astaff} You die...
Fedhas appreciates your contribution to the ecosystem.

Skill      XL: |  1  2  3  4  5  6 |
---------------+-------------------+-----
Armour         | 4 5 |  5.8
Fighting       | 4 5 |  5.7
Long Blades    | 3 4 5 |  5.0
Shields        | 4 5 |  5.7

Action                   |  1- 3 |  4- 6 |  7- 9 || total
-------------------------+-------+-------+-------++-------
Melee: Long sword        |    70 |    79 |     3 ||   152
       Headbutt          |    13 |     8 |       ||    21
Throw: Dart              |       |     6 |       ||     6
Invok: Wall of Briars    |       |       |     1 ||     1
  Use: Scroll            |       |     3 |     1 ||     4
Armor: Scale mail        |    25 |       |       ||    25
       Chain mail        |    24 |    48 |     3 ||    75
Dodge: Dodged            |    34 |    31 |     3 ||    68
Block: Buckler           |     9 |    16 |     1 ||    26

Levels and vault maps discovered:
D:1:      kennysheep_arrival_seaside, layout_loops_ring, dk_noncrumbling_3,
          serial_bayou_pond_d, minivault_19, roderic_three_in_a_row,
          minmay_pentomino_o2
D:2:      minmay_door_path, layout_basic, minmay_misc_feat_nine_boxes
D:3:      layout_rooms, mainiacjoe_overflow_swirl, minmay_overflow_temple_hex,
          dreamdust_ecumenical_altar_drowned_temple, minmay_fountain_box
D:4:      layout_cave_pools, serial_bayou, serial_bayou_lake_a,
          serial_bayou_shore_b, serial_bayou_ford_a, serial_bayou_pond_a,
          serial_bayou_shore_a, small_statue_alley_b, minmay_pentomino_pile
D:5:      cheibrodos_helix_gallery, layout_basic,
          nicolae_uskayaw_murder_on_the_dancefloor,
          worldfamousw_hep_ancestral_shrine, minmay_temple_entry_mist, uniq_ijyb

Notes
Turn   | Place    | Note
-------+----------+-------------------------------------------
     0 | D:1      | Faeu the Minotaur Fighter began the quest for the Orb.
     0 | D:1      | Reached XP level 1. HP: 19/19 MP: 0/0
     0 | D:1      | magus.rc [v1.9.6]
   187 | D:1      | Reached XP level 2. HP: 23/27 MP: 1/1
   925 | D:1      | Reached skill level 4 in Armour
  1119 | D:2      | Reached skill level 4 in Fighting
  1224 | D:2      | Reached skill level 3 in Long Blades
  1224 | D:2      | Reached skill level 4 in Shields
  1252 | D:2      | Reached XP level 3. HP: 30/33 MP: 2/2
  1931 | D:3      | Found a faded altar of an unknown god.
  1944 | D:3      | Prayed at the altar of an unknown god.
  1944 | D:3      | Became a worshipper of Fedhas Madash
  1944 | D:3      | Reached * piety under Fedhas
  1968 | D:3      | Reached XP level 4. HP: 41/41 MP: 3/3
  2044 | D:3      | Found a white marble altar of Elyvilon.
  2044 | D:3      | Found a stormy altar of Qazlal.
  2044 | D:3      | Found a shimmering blue altar of Sif Muna.
  2044 | D:3      | Found a blossoming altar of Fedhas.
  2058 | D:3      | Found an ornate altar of the Wu Jian Council.
  2062 | D:3      | Found a basalt altar of Yredelemnul.
  2266 | D:3      | Found a radiant altar of Vehumet.
  2279 | D:3      | Found an iron altar of Okawaru.
  2454 | D:4      | Noticed an ogre
  2462 | D:4      | Killed an ogre
  2463 | D:4      | Reached XP level 5. HP: 47/47 MP: 4/4
  2489 | D:4      | Reached skill level 4 in Long Blades
  2908 | D:4      | Reached skill level 5 in Fighting
  2908 | D:4      | Reached skill level 5 in Armour
  2908 | D:4      | Reached skill level 5 in Shields
  3195 | D:5      | Entered Level 5 of the Dungeon
  3214 | D:5      | Reached XP level 6. HP: 42/56 MP: 5/5
  3312 | D:5      | Noticed a wyvern
  3319 | D:5      | Killed a wyvern
  3372 | D:5      | Reached ** piety under Fedhas
  3373 | D:5      | Reached skill level 5 in Long Blades
  3373 | D:5      | Reached XP level 7. HP: 62/62 MP: 6/6
  3432 | D:5      | Noticed a hornet
  3446 | D:5      | HP: 15/62 [poisoned by a hornet]
  3447 | D:5      | HP: 4/62 [poisoned by a hornet]
  3448 | D:5      | HP: 1/62 [poisoned by a hornet]
  3449 | D:5      | Succumbed to a hornet's poison

Vanquished Creatures
  A wyvern (D:5)
  An ogre (D:4)
  A necrophage (D:5)
  A scorpion (D:5)
  A jelly (D:5)
  2 hounds (D:4)
  4 adders
  An adder skeleton (D:4)
  A worm (D:2)
  A dart slug (D:1)
  2 orcs (D:4)
  5 bats
  10 endoplasms
  3 goblins
  5 hobgoblins
  7 jackals
  4 kobolds (D:2)
  2 quokkas
  4 ball pythons
  2 frilled lizards
  A spectral hobgoblin (D:3)
59 creatures vanquished.

Vanquished Creatures (others)
  3 plants (D:4)
3 creatures vanquished.

Grand Total: 62 creatures vanquished

Table legend:
 A = Non-vault XP
 B = Vault XP
 C = Vault XP percentage of total XP
 D = Non-vault monster count
 E = Vault monster count
 F = Vault count percentage of total count
                 A         B        C        D         E       F
            +---------+---------+-------+---------+---------+-------
      Total |     775 |      14 |   1.8 |      51 |       8 |  13.6
            +---------+---------+-------+---------+---------+-------
        D:1 |      25 |       3 |  10.7 |      13 |       2 |  13.3
        D:2 |      66 |       1 |   1.5 |      17 |       1 |   5.6
        D:3 |       7 |       1 |  12.5 |       4 |       1 |  20.0
        D:4 |     221 |       9 |   3.9 |       8 |       4 |  33.3
        D:5 |     456 |       0 |   0.0 |       9 |       0 |   0.0
            +---------+---------+-------+---------+---------+-------

Illustrated notes

Table legend:
 A = Kills in this place as a percentage of kills in entire the game.
 B = Kills by you in this place as a percentage of kills by you in the entire game.
 C = Kills by friends in this place as a percentage of kills by friends in the entire game.
 D = Other kills in this place as a percentage of other kills in the entire game.
 E = Experience gained in this place as a percentage of experience gained in the entire game.
 F = Experience gained in this place divided by the number of levels of this place that you have seen.
                   A       B       C       D       E      F
               +-------+-------+-------+-------+-------+----------------------
         Total | 100.0 | 100.0 |   N/A |   N/A | 100.0 | 157.8
       Dungeon | 100.0 | 100.0 |   N/A |   N/A | 100.0 | 157.8
               +-------+-------+-------+-------+-------+----------------------

Table legend: (Time is in decaauts)
 A = Elapsed time spent in this place.
 B = Non-inter-level travel time spent in this place.
 C = Inter-level travel time spent in this place.
 D = Time resting spent in this place.
 E = Time spent auto-exploring this place.
 F = Levels seen in this place.
 G = Mean time per level.
                   A        B        C        D        E       F      G
               +--------+--------+--------+--------+--------+-----+--------+
         Total |   3545 |   3377 |    168 |     55 |   2537 |   5 |  709.0 |
       Dungeon |   3545 |   3377 |    168 |     55 |   2537 |   5 |  709.0 |
               +--------+--------+--------+--------+--------+-----+--------+

Top non-repeatable levels by time:
     D:1: 1112 daAuts
     D:2: 802 daAuts
     D:4: 795 daAuts
     D:3: 571 daAuts
     D:5: 263 daAuts
